Map: Catalyst LE

Players

axu - Winner!

  • Race: Protoss Protoss
  • League: Platinum
  • Spawn Location: 5:00

VOD

Have the link to the VOD?

Description

Time

  • Played on: Dec. 23, 2017, 7:19 p.m.
  • Length: 17:53
Show
View Real Time Build Order
Export as new Build Order

axu Protoss - Winner!

Build Orders:  

Get SALT Encoding   

  12  0:04  Probe (Chrono Boost)  
  14  0:20  Probe (Chrono Boost)  
  14  0:28  Pylon  
  14  0:37  Probe (Chrono Boost)  
  15  0:55  Probe (Chrono Boost)  
  15  0:59  Gateway  
  16  1:12  Probe (Chrono Boost)  
  16  1:14  Assimilator  
  17  1:29  Probe (Chrono Boost)  
  18  1:46  Probe (Chrono Boost)  
  19  2:13  Nexus  
  20  2:22  Probe (Chrono Boost)  
  20  2:27  Cybernetics Core  
  20  2:34  Assimilator  
  20  2:38  Pylon  
  20  2:53  Probe (Chrono Boost)  
  22  3:10  Probe (Chrono Boost)  
  22  3:19  Stalker (Chrono Boost)  
  22  3:27  Probe (Chrono Boost)  
  25  3:30  Gateway  
  25  3:44  Probe  
  26  3:53  Probe  
  27  4:01  Probe  
  28  4:10  Probe  
  29  4:23  Probe  
  29  4:27  Probe  
  31  4:33  Robotics Facility  
  31  4:37  Gateway  
  31  4:40  Probe  
  31  4:44  Gateway  
  31  4:48  Probe  
  33  4:55  Warp Gate (Chrono Boost)  
  33  5:02  Probe  
  33  5:05  Probe  
  35  5:16  Stalker x2  
  35  5:19  Probe  
  40  5:29  Probe  
  41  5:39  Warp Prism  
  43  5:49  Twilight Council  
  43  6:00  Forge  
  43  6:04  Pylon  
  43  6:08  Probe, Pylon  
  43  6:09  Probe  
  45  6:24  Pylon  
  45  6:25  Probe  
  45  6:27  Pylon  
  45  6:29  Probe  
  47  6:37  Pylon  
  47  6:42  Probe  
  47  6:44  Assimilator  
  47  6:46  Assimilator, Protoss Ground Weapons Level 1 (Chrono Boost), Probe  
  49  7:04  Stalker  
  49  7:05  Stalker  
  53  7:16  Probe  
  53  7:17  Probe  
  55  7:33  Probe  
  55  7:34  Probe  
  57  7:46  Dark Shrine  
  57  7:51  Immortal  
  57  7:54  Stalker  
  57  7:55  Stalker  
  57  7:56  Stalker  
  67  8:23  Nexus  
  67  8:24  Blink (Chrono Boost)  
  67  8:26  Pylon  
  67  8:29  Probe x2  
  69  8:38  Immortal (Chrono Boost)  
  69  8:46  Probe x2  
  75  8:51  Pylon  
  75  8:56  Pylon  
  75  9:03  Probe  
  76  9:29  Gateway x2  
  77  9:32  Gateway, Observer (Chrono Boost)  
  77  9:35  Gateway  
  77  9:46  Robotics Facility  
  77  9:52  Shield Battery  
  77  9:54  Shield Battery  
  77  9:55  Shield Battery  
  78  10:02  Observer (Chrono Boost)  
  78  10:04  Probe  
  78  10:05  Probe x2  
  81  10:21  Probe  
  81  10:22  Probe x2  
  84  10:37  Charge  
  88  10:41  Immortal (Chrono Boost)  
  88  10:47  Dark Templar x2  
  88  10:48  Dark Templar x2  
  96  10:52  Archon  
  96  10:53  Archon  
  96  11:19  Probe  
  69  11:20  Probe x2  
  97  11:26  Dark Templar  
  97  11:27  Dark Templar x3  
  107  11:32  Archon  
  107  11:33  Archon  
  107  11:36  Probe  
  108  11:45  Assimilator  
  108  11:46  Probe x2  
  110  11:51  Assimilator  
  110  11:53  Probe  
  110  11:58  Shield Battery  
  111  12:00  Shield Battery  
  111  12:01  Pylon  
  111  12:03  Probe  
  111  12:06  Shield Battery  
  111  12:07  Zealot  
  111  12:08  Zealot  
  111  12:09  Shield Battery  
  124  12:11  Immortal x2 (Chrono Boost)  
  124  12:27  Pylon  
  124  12:32  Protoss Ground Armor Level 1, Pylon  
  124  12:43  Forge  
  124  12:55  Zealot x3  
  124  12:56  Zealot x2  
  124  12:57  Zealot x3  
  146  13:31  Immortal (Chrono Boost)  
  146  13:32  Immortal (Chrono Boost)  
  146  13:55  Zealot  
  148  14:04  Pylon  
  148  14:07  Pylon  
  148  14:11  Pylon  
  148  14:15  Pylon  
  148  14:23  Protoss Ground Weapons Level 2 (Chrono Boost)  
  148  14:38  Zealot x3  
  148  14:39  Zealot x4  
  160  14:40  Zealot  
  144  16:11  Dark Templar x3  
  144  16:12  Dark Templar x4  
  144  16:13  Dark Templar  
  160  16:26  Stargate  
  160  16:28  Stargate  
  160  16:31  Stargate  
  160  16:40  Immortal  
  160  16:41  Immortal  
Tags
 
League
Platinum
Matchup
Co-op
Add a new tag
Caveats
  • Supply blocks, unpowered buildings, or Contaminate may cause inaccurate times.
  • Supply counts are checked every 10 seconds.